 Dungeon Crawl Stone Soup version 0.22-a0-223-g0f5d773 (webtiles) character file.

6139 ryw the Arsonist (level 10, -7/56 HPs)
             Began as a Deep Elf Fire Elementalist on Feb 19, 2018.
             Was a Priest of Vehumet.
             Mangled by a troll (10 damage)
             ... on level 9 of the Dungeon.
             The game lasted 00:48:12 (11445 turns).

ryw the Arsonist (Deep Elf Fire Elementalist)      Turns: 11445, Time: 00:48:13

Health: -7/56      AC:  4    Str: 16    XL:     10   Next: 59%
Magic:  28/30      EV: 18    Int: 22    God:    Vehumet [***...]
Gold:   661        SH:  0    Dex: 15    Spells: 2/21 levels left

rFire    . . .     SeeInvis .   o - +10 flail "Kipleoramu" {flame, MP+9 Str+3}
rCold    . . .     Gourm    +   (no shield)
rNeg     . . .     Faith    .   a - +0 robe
rPois    .         Spirit   .   m - +0 helmet
rElec    .         Reflect  .   (no cloak)
rCorr    .         Harm     .   d - +0 pair of gloves
MR       +....                  (no boots)
Stlth    ++........             p - amulet of the gourmand
HPRegen  0.18/turn              g - +3 ring of slaying
MPRegen  0.22/turn              y - +6 ring of strength

@: no status effects
A: no striking features
a: Renounce Religion


You were on level 9 of the Dungeon.
You worshipped Vehumet.
Vehumet was most pleased with you.
You were completely stuffed.

You visited 2 branches of the dungeon, and saw 10 of its levels.
You also visited: Sewer.

You collected 661 gold pieces.

Inventory:

Hand Weapons
 o - the +10 flail "Kipleoramu" (weapon) {flame, MP+9 Str+3}
   (You found it on level 4 of the Dungeon)

   It has been specially enchanted to burn those struck by it, causing extra
   injury to most foes and up to half again as much damage against particularly
   susceptible opponents.
   It affects your strength (+3).
   It affects your magic capacity (+9).
 s - a +1 hunting sling of velocity
   (You found it on level 2 of the Dungeon)
Missiles
 c - 241 stones
 r - 21 tomahawks
 E - 2 javelins (quivered)
Armour
 a - a +0 robe (worn)
 d - a +0 pair of gloves (worn)
   (You found it on level 5 of the Dungeon)
 h - a +2 cloak of invisibility
   (You took it off Maurice on level 8 of the Dungeon)
 k - a +0 buckler
   (You found it on level 3 of the Dungeon)
 m - a +0 helmet (worn)
   (You found it on level 3 of the Dungeon)
Jewellery
 g - a +3 ring of slaying (left hand)
   (You found it on level 1 of the Dungeon)
 p - an amulet of the gourmand (around neck)
   (You took it off an orc on level 4 of the Dungeon)
 y - a +6 ring of strength (right hand)
   (You found it on level 6 of the Dungeon)
 D - an uncursed ring of poison resistance
   (You found it on level 7 of the Dungeon)
Wands
 v - a wand of digging (8)
   (You took it off Maurice on level 8 of the Dungeon)
 x - a wand of acid (11)
   (You took it off an orc on level 6 of the Dungeon)
Scrolls
 f - 5 scrolls of identify {@r1}
 i - 6 scrolls of teleportation {@r4}
 q - 4 scrolls of remove curse {@r2}
 w - a scroll of fog {unknown}
 C - 2 scrolls of enchant armour {unknown}
 G - 4 scrolls of enchant weapon {unknown}
Potions
 b - 2 potions of might {unknown}
 j - 5 potions of heal wounds {@q2}
 n - a potion of agility {unknown}
 t - 2 potions of haste {unknown}
 u - 2 potions of lignification {unknown}
 z - 2 potions of curing {unknown}
 A - a potion of flight {unknown}
 B - 2 potions of mutation {unknown}
 F - a potion of ambrosia
Comestibles
 e - 16 rations


   Skills:
 - Level 4.0 Fighting
 - Level 1.0 Maces & Flails
 + Level 9.1 Dodging
 - Level 2.4 Stealth
 - Level 6.1 Spellcasting
 - Level 3.2 Conjurations
 * Level 13.3 Fire Magic


You had 2 spell levels left.
You knew the following spells:

 Your Spells              Type           Power        Failure   Level  Hunger
a - Flame Tongue          Conj/Fire      #####        1%          1    None
b - Throw Flame           Conj/Fire      #####.       1%          2    None
c - Sandblast             Erth           #.....       2%          1    None
d - Conjure Flame         Conj/Fire      #####...     1%          3    #......
e - Stone Arrow           Conj/Erth      ##....       4%          3    #......
q - Sticky Flame          Conj/Fire      #####...     1%          4    ###....
x - Fireball              Conj/Fire      #####.....   2%          5    #####..


Dungeon Overview and Level Annotations

Branches:
Dungeon (9/15)             Temple (1/1) D:5
   Lair: D:8-11         Orc: D:9-12

Altars:
Ashenzari
Dithmenos
Gozag
Hepliaklqana
Kikubaaqudgha
Makhleb
Nemelex Xobeh
Qazlal
Ru
Sif Muna
Trog
Uskayaw
Vehumet
Wu Jian
Xom
Yredelemnul
Zin
The Shining One


Message History

The warg burns!
The warg completely misses you.
Okay, then.
Unknown command.
Aim: a warg (moderately wounded, covered in liquid flames)
The flame tongue hits the warg.
The warg burns!
The warg completely misses you.
Aim: a warg (severely wounded, covered in liquid flames)
The flame tongue hits the warg.
The warg burns!
The warg bites you!
* * * LOW HITPOINT WARNING * * *
The warg pauses to sniff the ground.
The warg barely misses you.
Aim: a warg (almost dead, covered in liquid flames)
The flame tongue misses the warg.
The warg burns!
You kill the warg!
Vehumet accepts your kill.
You see here a warg corpse.
Found an escape hatch in the ceiling.
There is an escape hatch in the ceiling here.
You start resting.
Really go through this one-way escape hatch?
The wyvern hisses angrily.
A mysterious force pulls you upwards. The hatch slams shut behind you.
You start resting.
You start resting.
Some of the chunks of flesh in your inventory have rotted away. x2
Eating one of 4 chunks of flesh.
You eat one of the 4 chunks of flesh.
This raw flesh tastes great.
All of the chunks of flesh in your inventory have rotted away.
There is a stone staircase leading down here.
You climb downwards.
A troll comes into view.
The troll bites you! The troll claws you. The troll closely misses you.
There is a stone staircase leading up here.
Unknown command.
Aim: a troll The sticky flame hits the troll.
The troll is covered in liquid flames!
The troll burns!
The troll barely misses you. The troll claws you!
* * * LOW HITPOINT WARNING * * *
The troll claws you!
* * * LOW HITPOINT WARNING * * *
The troll burns!
The troll burns!
The troll burns!
The troll burns!
The troll burns!
The troll burns!
The troll burns!
The troll burns!
The troll bites you!
* * * LOW HITPOINT WARNING * * *
The troll barely misses you. The troll claws you!
You die...

...##.###.........# ##..# ...##.#
#.....(...# ##.### ....#.#
#......<..# #...# .##.#.#
##.##...[.# ###.##### . ...#
#.######(# #...... .###.## ##.#
#.# #...... .#..(# #..# ###.#####
#......
...#.####.#####.......#####......
..##.)..[..)....@T......<........
......#...#####.......#####......
..###.....#######.##### #......
.## #.............# #...... .
#......######### #...... .
####...# ####### . #...# #...#
###


You could see a troll (burning).

Vanquished Creatures
  A hydra (D:8)
  A two-headed ogre (D:7)
  Maurice (D:8)
  A hippogriff (D:7)
  A warg (D:9)
  An ice beast (D:6)
  Purgy (Sewer)
  4 orc warriors
  3 phantoms
  2 sky beasts
  A black bear (D:8)
  2 ogres
  3 centaurs
  Blork the orc (D:4)
  2 bullfrogs (D:6)
  2 scorpions
  10 wights
  5 howler monkeys
  13 crimson imps
  A centaur zombie (D:6)
  A jelly (D:7)
  A bullfrog zombie (D:6)
  A quasit (D:7)
  A hound (D:5)
  8 orc priests
  A bullfrog skeleton (D:6)
  2 centaur skeletons (D:6)
  10 orc wizards
  An iguana (D:5)
  8 worker ants
  A hound skeleton (D:4)
  15 gnolls
  9 adders
  A shadow imp (D:8)
  2 oozes
  2 adder zombies (D:5)
  2 adder skeletons
  5 worms
  A dart slug (D:1)
  6 leopard geckos
  44 orcs
  10 bats
  5 giant cockroaches
  7 goblins
  7 hobgoblins
  16 jackals
  3 quokkas
  2 ball pythons
  5 frilled lizards
  A jackal skeleton (D:4)
  9 kobolds
  4 rats
247 creatures vanquished.

Vanquished Creatures (others)
  A human (D:4)
1 creature vanquished.

Grand Total: 248 creatures vanquished

Notes
Turn   | Place    | Note
-------+----------+-------------------------------------------
     0 | D:1      | ryw the Deep Elf Fire Elementalist began the quest for the Orb.
     0 | D:1      | Reached XP level 1. HP: 10/10 MP: 6/6
   185 | D:1      | Reached XP level 2. HP: 15/15 MP: 1/8
   207 | D:1      | Reached skill level 4 in Fire Magic
   471 | D:1      | Reached XP level 3. HP: 17/19 MP: 0/9
   888 | D:1      | Reached skill level 5 in Fire Magic
  1017 | D:2      | Learned a level 2 spell: Throw Flame
  1021 | D:2      | Learned a level 3 spell: Conjure Flame
  1849 | D:3      | Reached XP level 4. HP: 24/24 MP: 7/10
  2102 | D:3      | Reached skill level 1 in Fighting
  2145 | D:3      | Reached XP level 5. HP: 22/30 MP: 0/11
  2240 | D:3      | Noticed an orc warrior
  2969 | D:4      | Noticed Blork the orc
  3368 | D:3      | HP: 1/30 [orc warrior/glaive (29)]
  3820 | D:4      | Killed Blork the orc
  3820 | D:4      | Reached skill level 5 in Dodging
  3820 | D:4      | Reached XP level 6. HP: 35/35 MP: 3/12
  3893 | D:4      | Learned a level 4 spell: Sticky Flame
  4300 | D:4      | Got a fine flail
  4301 | D:4      | Identified the +10 flail "Kipleoramu" {flame, MP+9 Str+3} (You found it on level 4 of the Dungeon)
  4313 | D:4      | Found an ancient bone altar of Kikubaaqudgha.
  4325 | D:4      | Noticed a human
  4326 | D:4      | Killed a human
  4473 | D:4      | Reached skill level 6 in Fire Magic
  4499 | D:4      | Reached skill level 1 in Maces & Flails
  4731 | D:4      | Reached XP level 7. HP: 40/40 MP: 13/13
  4881 | D:4      | Reached skill level 7 in Fire Magic
  4966 | D:5      | Entered Level 5 of the Dungeon
  4966 | D:5      | Found a staircase to the Ecumenical Temple.
  4971 | Temple   | Entered the Ecumenical Temple
  5044 | Temple   | Became a worshipper of Vehumet
  5367 | D:5      | Reached skill level 8 in Fire Magic
  6245 | D:5      | Reached XP level 8. HP: 38/44 MP: 16/16
  6329 | D:5      | Reached skill level 5 in Spellcasting
  6539 | D:5      | Learned a level 5 spell: Fireball
  6602 | D:5      | Reached * piety under Vehumet
  6602 | D:5      | Offered knowledge of Magic Dart by Vehumet.
  6718 | D:6      | Reached skill level 9 in Fire Magic
  6815 | D:6      | Found a glowing drain.
  6841 | Sewer    | Entered a sewer
  6931 | Sewer    | Noticed Purgy
  6940 | Sewer    | Killed Purgy
  6940 | Sewer    | Reached skill level 10 in Fire Magic
  7311 | D:6      | Offered knowledge of Sandblast by Vehumet.
  7314 | D:6      | Learned a level 1 spell: Sandblast
  7339 | D:6      | Reached ** piety under Vehumet
  7602 | D:6      | Reached XP level 9. HP: 49/49 MP: 20/20
  7852 | D:7      | Noticed a two-headed ogre
  8131 | D:7      | Killed a two-headed ogre
  8131 | D:7      | Reached skill level 11 in Fire Magic
  9012 | D:7      | Offered knowledge of Ignite Poison by Vehumet.
  9181 | D:8      | Noticed Maurice
  9213 | D:8      | Killed Maurice
  9213 | D:8      | Reached skill level 12 in Fire Magic
  9213 | D:8      | Reached XP level 10. HP: 36/56 MP: 14/21
  9727 | D:8      | Reached *** piety under Vehumet
  9782 | D:8      | Noticed a six-headed hydra
  9796 | D:8      | Killed a six-headed hydra
 10883 | D:9      | Reached skill level 13 in Fire Magic
 10983 | D:9      | Offered knowledge of Stone Arrow by Vehumet.
 10988 | D:9      | Learned a level 3 spell: Stone Arrow
 11182 | D:9      | Noticed a cyclops
 11445 | D:9      | Mangled by a troll

Vault maps used:
D:1:      dpeg_arrival_circle_labyrinth_a, minmay_tripent
D:2:      cheibrodos_old_hovel
D:4:      first_ration, tgw_kikubaaqudgha, uniq_blork_the_orc
D:5:      temple_statues
D:6:      gup_sewer_entry_glass
D:8:      minmay_checkerbox, uniq_maurice
D:9:      lemuel_doored_altar, erik_lair_orcish_takeover
Temple:   regret_index_temple_sigil_plot
Sewer:    kennysheep_door_sewer

Skill      XL: |  1  2  3  4  5  6  7  8  9 10 |
---------------+-------------------------------+-----
Fire Magic     | 4 5 6 8 10 12 13 | 13.3
Fighting       | 2 4 |  4.0
Dodging        | 5 7 9 |  9.1
Maces & Flails | 1 |  1.0
Conjurations   | 3 |  3.2
Spellcasting   | 4 6 |  6.1
Stealth        | |  2.4

Action                   |  1- 3 |  4- 6 |  7- 9 | 10-12 || total
-------------------------+-------+-------+-------+-------++-------
Melee: Dagger            |    25 |     8 |       |       ||    33
       Whip              |     3 |     9 |       |       ||    12
       Flail             |       |    10 |    99 |    28 ||   137
Throw: Stone             |    16 |    70 |    29 |     9 ||   124
       Javelin           |    14 |     8 |    34 |     5 ||    61
 Cast: Flame Tongue      |    52 |   101 |   183 |    98 ||   434
       Conjure Flame     |       |     6 |    13 |    10 ||    29
       Sticky Flame      |       |       |    11 |     9 ||    20
       Fireball          |       |       |     5 |     5 ||    10
       Sandblast         |       |       |       |     8 ||     8
       Throw Flame       |       |       |       |     6 ||     6
       Stone Arrow       |       |       |       |     1 ||     1
  Use: Scroll            |     3 |     1 |     6 |     1 ||    11
       Potion            |       |     3 |       |       ||     3
 Stab: Sleeping          |     2 |     1 |     5 |       ||     8
       Distracted        |       |     2 |       |       ||     2
  Eat: Chunk             |     3 |     6 |    35 |    10 ||    54
       Ration            |       |     1 |       |       ||     1
Armor: Robe              |    10 |     6 |    34 |     4 ||    54
Dodge: Dodged            |    38 |    34 |   114 |    73 ||   259

Table legend:
 A = Spawn XP
 B = Non-spawn XP
 C = Spawn XP percentage of total XP
 D = Spawn monster count
 E = Non-spawn monster count
 F = Spawn count percentage of total count
 G = Total turns spent on level
                    A         B        C        D         E        F      G
               +---------+---------+-------+---------+---------+-------+---------
         Total |       0 |    8771 |   0.0 |       0 |     247 |   0.0 | 11445
               +---------+---------+-------+---------+---------+-------+---------
           D:1 |       0 |      63 |   0.0 |       0 |      34 |   0.0 |   982
           D:2 |       0 |      33 |   0.0 |       0 |      12 |   0.0 |  1124
           D:3 |       0 |     166 |   0.0 |       0 |      20 |   0.0 |  1429
           D:4 |       0 |     637 |   0.0 |       0 |      33 |   0.0 |  1431
           D:5 |       0 |     962 |   0.0 |       0 |      30 |   0.0 |  1583
           D:6 |       0 |     972 |   0.0 |       0 |      32 |   0.0 |  1060
           D:7 |       0 |    1926 |   0.0 |       0 |      30 |   0.0 |  1106
           D:8 |       0 |    2982 |   0.0 |       0 |      34 |   0.0 |  2010
           D:9 |       0 |     887 |   0.0 |       0 |      16 |   0.0 |   391
         Sewer |       0 |     143 |   0.0 |       0 |       6 |   0.0 |   227
               +---------+---------+-------+---------+---------+-------+---------
